 Dungeon Crawl Stone Soup version 0.20-a0-296-gf222164 (webtiles) character file.

457 Chikkuri the Sneak (level 6, -5/44 HPs)
             Began as a Vampire Enchanter on Dec 15, 2016.
             Splashed by a jelly's acid (9 damage)
             ... on level 5 of the Dungeon.
             The game lasted 00:27:32 (5542 turns).

Chikkuri the Sneak (Vampire Enchanter)              Turns: 5542, Time: 00:27:32

Health: -5/44      AC: -6    Str:  8    XL:     6   Next: 77%
Magic:  10/10      EV: 13    Int: 19    God:
Gold:   219        SH:  0    Dex: 14    Spells: 7/10 levels left

rFire  . . .     SeeInvis +     B - +0 rapier
rCold  + . .     Gourm    .     b - +1 robe
rNeg   + + .     Faith    .     (no shield)
rPois  +         Spirit   .     (no helmet)
rElec  .         Reflect  .     (no cloak)
rCorr  .         Harm     +     z - +2 pair of gloves
MR     .....                    (no boots)
Stlth  +++++.....               s - amulet of harm
                                (no ring)
                                (no ring)

@: corroded, regenerating slowly
A: fangs 3, see invisible, unbreathing
a: Bat Form


You were on level 5 of the Dungeon.
You were near bloodless.

You visited 1 branch of the dungeon, and saw 5 of its levels.

You collected 219 gold pieces.

Inventory:

Hand Weapons
 a - a +1 dagger
 l - a +0 dagger
 m - a +0 hunting sling
 B - a +0 rapier (weapon)
Missiles
 f - 2 tomahawks (quivered)
 n - 26 sling bullets
Armour
 b - a +1 robe (worn)
 z - a +2 pair of gloves (worn)
Jewellery
 o - an uncursed ring of protection from fire {unknown}
 s - an amulet of harm (around neck)
 t - an uncursed ring of flight {unknown}
Wands
 u - a wand of flame (28/48)
 x - a wand of lightning (7/15)
Scrolls
 g - 3 scrolls of immolation
 h - a scroll of magic mapping
 j - a scroll of amnesia {unknown}
 p - a scroll of fog {unknown}
 q - 2 scrolls of teleportation
 y - a scroll of random uselessness {unknown}
Potions
 d - 12 potions of blood
 e - a potion of degeneration {unknown}
 k - 2 potions of curing
 r - a potion of heal wounds
 v - a potion of cancellation {unknown}
 w - a potion of cure mutation {unknown}
 A - 2 potions of berserk rage
Books
 c - a book of Maledictions

   Spells                             Type                      Level
   a - Corona                         Hexes                        1
   b - Ensorcelled Hibernation        Hexes/Ice                    2
   c - Confuse                        Hexes                        3
   d - Tukima's Dance                 Hexes                        3
   e - Dazzling Spray                 Conjuration/Hexes            3
Comestibles
 i - 2 fruits


   Skills:
 + Level 1.7 Fighting
 + Level 2.9 Short Blades
 + Level 3.4 Dodging
 + Level 7.2 Stealth
 + Level 2.8 Spellcasting
 * Level 6.0 Hexes
 * Level 1.9 Ice Magic


You had 7 spell levels left.
You knew the following spells:

 Your Spells              Type           Power        Failure   Level  Hunger
a - Corona                Hex            ####...      1%          1    None
b - Ensorcelled Hibernat  Hex/Ice        ###...       6%          2    ##.....


Dungeon Overview and Level Annotations

Branches:
Dungeon (5/15)
 Temple: D:4-7

Altars:
Okawaru

Shops:
D:4 }

Annotations:
D:4 gressup's ghost, amateur HuWn


Innate Abilities, Weirdness & Mutations

You heal slowly.
You have razor-sharp teeth.
You have supernaturally acute eyesight. (SInv)
You can survive without breathing.


Message History

The jelly hits you but does no damage.
You hit the jelly but do no damage.
Your hands burn!
The jelly is almost dead.
The jelly barely misses you.
You hit the jelly. The acid corrodes you!
Your hands burn!
The jelly is almost dead.
The jelly hits you.
You are splashed with acid!
The acid burns!
You hit the jelly but do no damage.
Your hands burn!
* * * LOW HITPOINT WARNING * * *
The jelly is almost dead.
The jelly hits you.
* * * LOW HITPOINT WARNING * * *
The acid corrodes you!
You are splashed with acid!
The acid burns!
* * * LOW HITPOINT WARNING * * *
There is an open door here.
The jelly misses you. The jelly hits you.
* * * LOW HITPOINT WARNING * * *
You are splashed with acid!
The acid burns!
You die...

#.....#.......).#....#...........
#.....#.........#....#...........
##...#..#..####.#########...##.##
########..####.####.####...##.##
#.....#.........#........#
#.....#<........#........#
#.....#.........#........#
#.....#..%......#........#
#####...###.@##########....##
##..##...###J.###...#########*
#...>..........#............#,
#..............#............+,
#..............'............#,
##.<.##..###..###....###....#*
######..########...(###'####*
#.....#................,,
#.....'.............?..,,


You could see a jelly.

Vanquished Creatures
  A bullfrog zombie (D:5)
  2 hounds
  A bullfrog skeleton (D:5)
  2 orc priests (D:4)
  2 iguanas (D:4)
  2 worker ants
  10 adders
  A shadow imp (D:5)
  An adder skeleton (D:4)
  2 worms
  A dart slug (D:4)
  4 leopard geckos
  2 orcs
  5 giant cockroaches
  8 hobgoblins
  6 jackals
  5 quokkas
  A ball python (D:3)
  4 bats
  6 frilled lizards
  5 goblins
  5 kobolds
  A quokka skeleton (D:5)
  2 rats
79 creatures vanquished.

Notes
Turn   | Place    | Note
-------+----------+-------------------------------------------
     0 | D:1      | Chikkuri the Vampire Enchanter began the quest for the Orb.
     0 | D:1      | Reached XP level 1. HP: 13/13 MP: 3/3
   310 | D:1      | You fall through a shaft!
   321 | D:2      | Reached XP level 2. HP: 10/19 MP: 5/5
   493 | D:2      | Reached skill level 5 in Stealth
   531 | D:2      | Reached XP level 3. HP: 3/24 MP: 6/6
   711 | D:2      | Reached skill level 5 in Hexes
  1256 | D:2      | Reached XP level 4. HP: 24/30 MP: 5/7
  1729 | D:2      | Reached skill level 6 in Stealth
  2746 | D:2      | Learned a level 2 spell: Ensorcelled Hibernation
  3155 | D:3      | Found an iron altar of Okawaru.
  3825 | D:4      | Found Nomitug's Gadget Shoppe.
  3972 | D:4      | Reached XP level 5. HP: 36/36 MP: 8/8
  4003 | D:4      | Noticed gressup's ghost (amateur HuWn)
  4278 | D:4      | Reached skill level 1 in Ice Magic
  4282 | D:4      | Reached skill level 1 in Fighting
  4564 | D:4      | Found Ciesol's Magic Scroll Shoppe.
  4649 | D:4      | Reached XP level 6. HP: 43/43 MP: 5/9
  4834 | D:5      | Entered Level 5 of the Dungeon
  4837 | D:5      | Reached skill level 7 in Stealth
  5505 | D:5      | HP: 2/44 [acid (9)]
  5542 | D:5      | Splashed by a jelly's acid

Vault maps used:
D:1:      eino_arrival_cavern_b
D:2:      minmay_wonky_spiral, kennysheep_boxes
D:3:      okawaru_gym_becter
D:4:      serial_shops, nicolae_shop_trees, kennysheep_little_box
D:5:      first_bread

Skill      XL: |  1  2  3  4  5  6 |
---------------+-------------------+-----
Stealth        | 5 6 7 |  7.2
Hexes          | 5 6 |  6.0
Short Blades   | 2 |  2.9
Ice Magic      | 1 |  1.9
Fighting       | 1 |  1.7
Dodging        | 3 |  3.4
Spellcasting   | |  2.8

Action                   |  1- 3 |  4- 6 || total
-------------------------+-------+-------++-------
Melee: Dagger            |   107 |   245 ||   352
       Bite              |     2 |    16 ||    18
       Rapier            |       |     5 ||     5
 Cast: Corona            |     2 |     9 ||    11
       Ensorcelled Hiber |       |    37 ||    37
  Use: Potion            |       |     5 ||     5
       Scroll            |       |     7 ||     7
 Stab: Sleeping          |     7 |    33 ||    40
       Distracted        |       |     2 ||     2
Armor: Robe              |    22 |    36 ||    58
Dodge: Dodged            |    61 |   174 ||   235
